 Dungeon Crawl Stone Soup version 0.30.0-10-gfe55d96785 (webtiles) character file.

Game seed: 14820006975199335963

369 qw the Chopper (level 6, -2/38 HPs)
             Began as a Gargoyle Fighter on May 13, 2023.
             Slain by a black bear (5 damage)
             ... on level 3 of the Dungeon.
             The game lasted 00:03:16 (2139 turns).

qw the Chopper (Gargoyle Fighter)                   Turns: 2139, Time: 00:03:17

Health: -2/38      AC: 12    Str: 22    XL:     6   Next: 70%
Magic:  6/6        EV:  9    Int:  8    God:
Gold:   124        SH:  4    Dex:  9    Spells: 5/5 levels left

rFire   . . .        Y - +0 broad axe (pain)
rCold   . . .        c - +0 buckler
rNeg    + . .        b - +0 scale mail
rPois   inf          (no helmet)
rElec   +            (no cloak)
rCorr   .            l - +0 pair of gloves
SInv    .            (no boots)
Will    .....        (no amulet) Stlth
                     (no ring)
HPRegen 0.26/turn    (no ring)
MPRegen 0.10/turn

%: no passive effects
@: about to teleport
A: sickness immunity, AC +4, negative energy resistance 1, electricity
resistance, torment resistance 1, petrification resistance
a: no special abilities


You were on level 3 of the Dungeon.
You visited 1 branch of the dungeon, and saw 3 of its levels.

You collected 124 gold pieces.


Innate Abilities, Weirdness & Mutations

You are immune to sickness and miasma.
Your stone body is resilient. (AC +4)
You are immune to poison.
You resist negative energy. (rN+)
You are resistant to electric shocks. (rElec)
You are resistant to unholy torment.
You are immune to petrification.


   Skills:
 - Level 4.2 Fighting
 - Level 5.9 Axes
 - Level 3.2 Armour
 + Level 0.0 Dodging
 - Level 3.2 Shields


You had 5 spell levels left.
You didn't know any spells.
Your spell library was empty.

Inventory:

Hand Weapons
 i - a +0 whip
 Y - a +0 broad axe of pain (weapon)
Armour
 a - a +0 chain mail
 b - a +0 scale mail (worn)
 c - a +0 buckler (worn)
 l - a +0 pair of gloves (worn)
Potions
 d - a potion of might
 f - a potion of resistance {unknown}
 g - a potion of flight {unknown}
 j - a potion of heal wounds {unknown}
 k - 2 potions of curing {unknown}

Dungeon Overview and Level Annotations

Branches:
Dungeon (3/15)

Altars:

Shops:
D:1 !


Message History

The black bear is almost dead.
The black bear bites you but does no damage.
The black bear claws you but does no damage.
You block the black bear's attack.
The black bear goes berserk!
You barely miss the black bear.
The black bear is almost dead.
The black bear closely misses you.
The black bear claws you but does no damage.
The black bear claws you. The black bear bites you.
The black bear barely misses you. The black bear claws you.
You hit the black bear but do no damage.
The black bear is almost dead.
The black bear bites you but does no damage.
The black bear barely misses you.
The black bear claws you but does no damage.
The black bear barely misses you.
The black bear claws you but does no damage. x2
You hit the black bear.
The black bear is almost dead.
You block the black bear's attack.
The black bear claws you but does no damage.
The black bear claws you. The black bear barely misses you.
The black bear claws you but does no damage.
The black bear completely misses you.
2137 ||| READING scroll of teleportation.
As you read the scroll of teleportation, it crumbles to dust.
You feel strangely unstable. The black bear closely misses you.
The black bear claws you. The black bear barely misses you.
You barely miss the black bear.
The black bear is almost dead.
The black bear barely misses you.
The black bear claws you but does no damage. x2
The black bear bites you but does no damage.
The black bear claws you. x2
You hit the black bear.
The black bear is almost dead.
The black bear bites you but does no damage.
The black bear claws you.
You die...

##.....................
........................
...............)).......
.......................
#.............).......
###.....................
..?.......%############.
...........#
......h@...#
...........#
...........#
...$.......#
......."...#
...........#
...........#
##+#########


You could see a black bear (berserk).

Vanquished Creatures
  Sigmund (D:3)
  An orc priest (D:3)
  Jessica (D:2)
  An orc wizard (D:3)
  5 adders
  5 dart slugs
  7 orcs (D:3)
  3 bats
  4 endoplasms
  6 giant cockroaches
  6 goblins
  3 jackals (D:1)
  4 kobolds
  4 quokkas
  8 ball pythons
  5 frilled lizards
  5 rats
69 creatures vanquished.

Vanquished Creatures (others)
  A ball python (D:3)
1 creature vanquished.

Grand Total: 70 creatures vanquished

Notes
Turn   | Place    | Note
-------+----------+-------------------------------------------
     0 | D:1      | qw the Gargoyle Fighter began the quest for the Orb.
     0 | D:1      | Reached XP level 1. HP: 14/14 MP: 1/1
     0 | D:1      | 0 ||| qw: Version: 0.2-a-92-gb77fa06
     0 | D:1      | 0 ||| qw: Game counter: 6
     0 | D:1      | 0 ||| qw: Always use a shield: true
     0 | D:1      | 0 ||| qw: God list: Okawaru
     0 | D:1      | 0 ||| qw: Allow faded altars: false
     0 | D:1      | 0 ||| qw: Do Orc after D:15 true
     0 | D:1      | 0 ||| qw: Do second Lair branch before Depths: true
     0 | D:1      | 0 ||| qw: Lair rune preference: random
     0 | D:1      | 0 ||| qw: Plans: Normal, Zot:1-4, God:TSO, Crypt, Tomb,
                  | Pan, Slime:5, Hells, Abyss, Win
     0 | D:1      | 0 ||| PLANNING D:1-11
    13 | D:1      | 13 ||| Stepping ~*~*~tactically~*~*~ (stealth).
    30 | D:1      | Reached skill level 2 in Axes
   101 | D:1      | Found Vamug's Distillery.
   117 | D:1      | 117 ||| SHOPLISTING 2 potions of heal wounds (110 gold,
                  | have 9).
   117 | D:1      | 117 ||| SHOPLISTING potion of cancellation (88 gold, have
                  | 9).
   117 | D:1      | 117 ||| SHOPLISTING potion of heal wounds (55 gold, have
                  | 9).
   117 | D:1      | 117 ||| SHOPLISTING potion of might (44 gold, have 9).
   130 | D:1      | Reached XP level 2. HP: 19/19 MP: 2/2
   417 | D:1      | Reached skill level 3 in Axes
   438 | D:1      | Reached XP level 3. HP: 23/23 MP: 3/3
   438 | D:1      | 438 ||| Stepping ~*~*~tactically~*~*~ (stealth).
   448 | D:1      | 448 ||| Stepping ~*~*~tactically~*~*~ (stealth).
   449 | D:1      | 449 ||| Stepping ~*~*~tactically~*~*~ (stealth).
   459 | D:1      | 459 ||| Stepping ~*~*~tactically~*~*~ (stealth).
   466 | D:1      | 466 ||| Stepping ~*~*~tactically~*~*~ (stealth).
   487 | D:1      | 487 ||| Stepping ~*~*~tactically~*~*~ (stealth).
   721 | D:1      | 721 ||| DROPPING +0 club.
   852 | D:1      | 852 ||| READING scroll labelled GAPEFI FESOWIM.
   853 | D:1      | 853 ||| READING scroll labelled XOOCRE GUGI.
   856 | D:1      | 856 ||| READING scroll labelled DIYGUE COEK.
   959 | D:2      | 959 ||| Stepping ~*~*~tactically~*~*~ (hiding).
   960 | D:2      | 960 ||| Stepping ~*~*~tactically~*~*~ (hiding).
  1071 | D:2      | Found a faded altar of an unknown god.
  1219 | D:2      | Reached XP level 4. HP: 28/28 MP: 4/4
  1285 | D:2      | Noticed Jessica
  1288 | D:2      | Killed Jessica
  1289 | D:2      | Reached skill level 4 in Axes
  1624 | D:2      | 1624 ||| UPGRADING to +0 pair of gloves.
  1629 | D:2      | 1629 ||| READING scroll labelled ILAJADI DOAN.
  1630 | D:2      | 1630 ||| READING scroll labelled QIOPO OTODIO.
  1630 | D:2      | Identified a scroll of acquirement
  1630 | D:2      | 1630 ||| ACQUIRING +0 broad axe of pain
  1630 | D:2      | Acquired a +0 broad axe of pain
  1632 | D:2      | 1632 ||| SWAPPING to +0 broad axe of pain.
  1633 | D:2      | 1633 ||| DROPPING +0 war axe.
  1634 | D:2      | 1634 ||| READING scroll labelled RENOHE IMAL.
  1659 | D:3      | Noticed Sigmund
  1677 | D:3      | Reached XP level 5. HP: 32/32 MP: 5/5
  1679 | D:3      | Killed Sigmund
  1680 | D:3      | Reached skill level 5 in Axes
  1680 | D:3      | Reached XP level 6. HP: 28/37 MP: 6/6
  1746 | D:3      | 1746 ||| Stepping ~*~*~tactically~*~*~ (hiding).
  1750 | D:3      | 1750 ||| Stepping ~*~*~tactically~*~*~ (hiding).
  2042 | D:3      | 2042 ||| PLANNING D:1-11
  2043 | D:3      | 2043 ||| PLANNING D:1-11
  2121 | D:3      | Noticed a black bear
  2125 | D:3      | 2125 ||| PLANNING D:1-11
  2136 | D:3      | HP: 8/38 [black bear (5)]
  2137 | D:3      | 2137 ||| READING scroll of teleportation.
  2138 | D:3      | HP: 2/38 [black bear (3)]
  2139 | D:3      | Slain by a black bear

Levels and vault maps discovered:
D:1:      beargit_arrival_greenhouse, layout_basic, serial_shops,
          nicolae_shop_hallway_stairs
D:2:      layout_basic, dreamdust_ecumenical_altar_statues,
          nicolae_concentric_dashed_squares_wild, uniq_jessica
D:3:      layout_basic, elyvilon_altar_4, palyth_stone_intersect, uniq_sigmund

Skill      XL: |  1  2  3  4  5  6 |
---------------+-------------------+-----
Axes           | 2 3 4 5 |  5.9
Fighting       | 4 |  4.2
Armour         | |  3.2
Shields        | |  3.2

Action                     |  1- 3 |  4- 6 || total
---------------------------+-------+-------++-------
  Melee: War axe           |   130 |    18 ||   148
         Broad axe         |       |    75 ||    75
    Use: Scroll            |     3 |     4 ||     7
 Armour: Scale mail        |    70 |    88 ||   158
  Dodge: Dodged            |    60 |    52 ||   112
  Block: Buckler           |    23 |    27 ||    50

Table legend:
 A = Non-vault XP
 B = Vault XP
 C = Vault XP percentage of total XP
 D = Non-vault monster count
 E = Vault monster count
 F = Vault count percentage of total count
                 A         B        C        D         E       F
            +---------+---------+-------+---------+---------+-------
      Total |     260 |     268 |  50.8 |      67 |       2 |   2.9
            +---------+---------+-------+---------+---------+-------
        D:1 |      50 |       0 |   0.0 |      30 |       0 |   0.0
        D:2 |      62 |      37 |  37.4 |      19 |       1 |   5.0
        D:3 |     148 |     231 |  60.9 |      18 |       1 |   5.3
            +---------+---------+-------+---------+---------+-------
